 Dungeon Crawl Stone Soup version 0.24.0-1-gfbc8707 (webtiles) character file.

Game seed: 15750515559153557362, levelgen mode: deterministic

589 Fang the Skirmisher (level 7, -9/66 HPs)
             Began as a Gargoyle Berserker on Oct 30, 2019.
             Was a Priest of Trog.
             Killed by divine providence
             ... invoked by an orc priest
              (12 damage)
             ... on level 4 of the Dungeon.
             The game lasted 00:03:15 (4090 turns).

Fang the Skirmisher (Gargoyle Berserker)            Turns: 4090, Time: 00:03:15

Health: -9/66      AC: 14    Str: 28    XL:     7   Next: 38%
Magic:  7/7        EV: 10    Int:  7    God:    Trog [***...]
Gold:   182        SH:  0    Dex:  9    Spells: 6/6 levels left

rFire    . . .     SeeInvis .   a - +0 hand axe
rCold    . . .     Gourm    .   (no shield)
rNeg     + . .     Faith    .   b - +0 chain mail
rPois    ∞         Spirit   .   (no helmet)
rElec    +         Reflect  .   (no cloak)
rCorr    .         Harm     .   (no gloves)
MR       .....     Rnd*Tele +   (no boots)
Stlth    ..........             (no amulet)
HPRegen  0.21/turn              j - ring of teleportation (curse)
MPRegen  0.10/turn              (no ring)

@: berserking, very quick
A: negative energy resistance 1, electricity resistance, unbreathing,
petrification resistance, rot immunity, AC +4
a: Berserk, Trog's Hand, Renounce Religion


You were on level 4 of the Dungeon.
You worshipped Trog.
Trog was most pleased with you.
You were near starving.

You visited 1 branch of the dungeon, and saw 5 of its levels.

You collected 182 gold pieces.

Inventory:

Hand Weapons
 a - a +0 hand axe (weapon)
Armour
 b - a +0 chain mail (worn)
Jewellery
 j - a cursed ring of teleportation (left hand)
Scrolls
 d - a scroll of immolation {unknown}
 e - 6 scrolls of identify {unknown}
 h - 2 scrolls of teleportation {unknown}
 i - 3 scrolls of remove curse {unknown}
 n - 2 scrolls of fog {unknown}
Potions
 f - a potion of heal wounds {unknown}
 g - 2 potions of curing {unknown}
 k - 2 potions of resistance {unknown}
 l - a potion of lignification {unknown}
 m - a potion of haste {unknown}
 o - a potion of flight {unknown}
 p - a potion of cancellation {unknown}
Comestibles
 c - 4 rations


   Skills:
 + Level 5.3 Fighting
 + Level 4.4 Axes
 + Level 4.7 Armour
 + Level 3.4 Dodging


You had 6 spell levels left.
You didn't know any spells.
Your spell library was empty.

Dungeon Overview and Level Annotations

Branches:
Dungeon (5/15)
 Temple: D:4-7

Altars:
Ashenzari
Okawaru
Beogh

Annotations:
D:5 3 runed translucent doors, Bucky5's ghost, novice DsFi


Innate Abilities, Weirdness & Mutations

You are resistant to torment.
Your stone body is resilient. (AC +4)
You are immune to poison.
You resist negative energy. (rN+)
You are resistant to electric shocks. (rElec)
You can survive without breathing.
You are immune to petrification.
You are immune to rotting.


Message History

* * * LOW HITPOINT WARNING * * *
All of the chunks of flesh in your inventory have rotted away.
You closely miss the adder.
Your chain mail prevents you from hitting the orc.
You barely miss the orc priest. The orc priest barely misses you.
The adder closely misses you.
You barely miss the adder. You closely miss the orc priest.
You completely miss the orc. You miss the adder.
You closely miss the orc priest. You barely miss the orc.
The adder barely misses you. The orc barely misses you.
The orc priest calls down the wrath of Beogh upon you.
Pain shoots through your body!
* * * LOW HITPOINT WARNING * * *
You closely miss the adder.
Your chain mail prevents you from hitting the orc priest.
You barely miss the orc. You slash the orc priest!
The adder bites you but does no damage.
The orc priest invokes the aid of Beogh against you.
Beogh smites you!
You die...

#.............
#.............
####.....# #?.... #
..##.....###..... ..
..##...)>)....... ...
......+#)####.### ..!.
......+#...##.#####.....
...........#....oo......
...........#..#.@So.....
.#...............o......
.+.......###.#.###......
.##......# #.#.# %.....
.........###.#.# .....
....####.....#.. ..##.
......#..####### ..
#.....#......# ...
#.....#..###.#


You could see 2 orc priests, an orc wizard, an adder and an orc.

Vanquished Creatures
  A centaur (D:5)
  A scorpion (D:4)
  2 howler monkeys (D:5)
  A crimson imp (D:5)
  2 orc priests (D:5)
  An orc wizard (D:4)
  3 iguanas (D:5)
  A worker ant (D:5)
  5 adders
  A shadow imp (D:5)
  An ooze (D:1)
  A worm (D:5)
  3 dart slugs
  6 leopard geckos
  12 orcs
  A ball python (D:1)
  6 bats
  4 giant cockroaches
  6 goblins
  6 hobgoblins
  9 jackals
  5 quokkas
  2 frilled lizards (D:1)
  9 kobolds
  6 rats
95 creatures vanquished.

Notes
Turn   | Place    | Note
-------+----------+-------------------------------------------
     0 | D:1      | Fang the Gargoyle Berserker began the quest for the Orb.
     0 | D:1      | Reached XP level 1. HP: 14/14 MP: 1/1
     2 | D:1      | Noticed a spriggan
     2 | D:1      | Noticed an elf
     4 | D:1      | Noticed a demigod
     4 | D:1      | Noticed a human
     6 | D:1      | Noticed a felid
     6 | D:1      | Noticed a draconian
     8 | D:1      | Noticed an ogre
     8 | D:1      | Noticed a tengu
    10 | D:1      | Noticed a demonspawn
    10 | D:1      | Noticed a formicid
    12 | D:1      | Noticed an octopode
    12 | D:1      | Noticed a dwarf
    16 | D:1      | Noticed a merfolk
    16 | D:1      | Noticed a vine stalker
    18 | D:1      | Noticed a halfling
    20 | D:1      | Noticed a centaur
    20 | D:1      | Noticed a naga
    22 | D:1      | Noticed a ghoul
    25 | D:1      | Noticed a vampire
    25 | D:1      | Noticed a gargoyle
    27 | D:1      | Noticed a minotaur
    27 | D:1      | Noticed a troll
   200 | D:1      | Reached XP level 2. HP: 14/19 MP: 2/2
   572 | D:1      | Reached XP level 3. HP: 18/23 MP: 3/3
  1126 | D:2      | Reached ** piety under Trog
  1372 | D:2      | Reached XP level 4. HP: 19/29 MP: 4/4
  1376 | D:2      | Reached skill level 4 in Fighting
  2121 | D:3      | You fall into a shaft and drop 2 floors!
  2121 | D:5      | Entered Level 5 of the Dungeon
  2148 | D:5      | Reached XP level 5. HP: 31/33 MP: 5/5
  2359 | D:5      | Noticed a centaur
  2378 | D:5      | Killed a centaur
  2378 | D:5      | Reached XP level 6. HP: 8/39 MP: 6/6
  2760 | D:5      | HP: 3/60 [iguana (10)]
  2764 | D:5      | HP: 1/60 [orc priest/+0 whip (2)]
  3221 | D:5      | Reached skill level 5 in Fighting
  3264 | D:5      | Reached XP level 7. HP: 30/44 MP: 7/7
  3358 | D:5      | Identified the +1 ring mail "Zapnuel" {SInv}
  3368 | D:5      | Found a runed translucent gate.
  3369 | D:5      | Found a runed translucent gate.
  3369 | D:5      | Noticed Bucky5's ghost (novice DsFi)
  3370 | D:5      | Found a runed translucent gate.
  3370 | D:5      | Found a roughly hewn altar of Beogh.
  3387 | D:5      | Found a shattered altar of Ashenzari.
  3406 | D:5      | Found an iron altar of Okawaru.
  3867 | D:4      | Reached *** piety under Trog
  4089 | D:4      | HP: 3/66 [orc priest/nerve-wracking pain (4)]
  4090 | D:4      | Killed from afar by an orc priest

Levels and vault maps discovered:
D:1:      kb_arrival_jail, layout_loops_ring, serial_park_tiny_pond,
          minmay_split_cup_small
D:2:      minmay_general_purpose_star, layout_basic, first_ration
D:3:      layout_basic, nicolae_overflow_hidden_temple, serial_aquarium,
          aquarium_bridge_square [aquarium_subvault_balcony,
          aquarium_subvault_bridge, aquarium_subvault_window,
          aquarium_subvault_wall], aquarium_window_1, aquarium_window_1,
          aquarium_window_2, aquarium_view_2f, minmay_randomly_rotated_circles,
          uniq_jessica
D:4:      layout_basic, yredelemnul_altar_generic, minmay_misc_feat_cross,
          xom_teletrap_fun
D:5:      layout_gridville, basic_altar, biasface_ghost_orc_armoury,
          nicolae_ashenzari_panopticon

Skill      XL: |  1  2  3  4  5  6 |
---------------+-------------------+-----
Axes           | 3 4 |  4.4
Dodging        | 2 3 |  3.4
Armour         | 3 4 |  4.7
Fighting       | 4 5 |  5.3

Action                   |  1- 3 |  4- 6 |  7- 9 || total
-------------------------+-------+-------+-------++-------
Melee: Hand axe          |   143 |   149 |    80 ||   372
Invok: Berserk           |     2 |     4 |     2 ||     8
  Eat: Chunk             |     3 |     9 |     1 ||    13
       Ration            |       |       |     1 ||     1
Armor: Animal skin       |    60 |    43 |       ||   103
       Chain mail        |       |       |    59 ||    59
Dodge: Dodged            |    93 |   114 |    64 ||   271
